 Dungeon Crawl Stone Soup version 0.25-a0-1024-gbfbf38f2cb (webtiles) character file.

Game seed: 4611536125786198168, levelgen mode: classic

60 Amnesiac the Cutter (level 3, 0/22 HPs)
             Began as a Deep Elf Fighter on May 12, 2020.
             Killed by nerve-wracking pain
             ... invoked by Grinder
              (3 damage)
             ... on level 3 of the Dungeon.
             The game lasted 00:03:30 (2052 turns).

Amnesiac the Cutter (Deep Elf Fighter)              Turns: 2052, Time: 00:03:30

Health: 0/22       AC: 11    Str: 14    XL:     3   Next: 82%
Magic:  5/5        EV:  3    Int: 12    God:
Gold:   70         SH:  8    Dex: 14    Spells: 2/2 levels left

rFire    . . .     SeeInvis .   a - +0 hunting sling
rCold    . . .     Gourm    .   c - +0 kite shield
rNeg     . . .     Faith    .   g - +0 chain mail
rPois    .         Spirit   .   (no helmet)
rElec    .         Reflect  .   r - +2 cloak
rCorr    +         Harm     .   (no gloves)
MR       .....                  (no boots)
Stlth    ..........             (no amulet)
HPRegen  0.07/turn              p - ring of resist corrosion
MPRegen  0.09/turn              (no ring)

@: lightly drained
A: no striking features
a: no special abilities


You were on level 3 of the Dungeon.
You were not hungry.

You visited 1 branch of the dungeon, and saw 3 of its levels.

You collected 70 gold pieces.

Inventory:

Hand Weapons
 a - a +0 hunting sling (weapon)
 b - a +4 whip of draining
 h - a +0 rapier
 y - a +1 dagger of speed
Missiles
 k - 37 stones (quivered)
 o - 73 sling bullets
Armour
 c - a +0 kite shield (worn)
 g - a +0 chain mail (worn)
 m - a +0 scale mail
 r - a +2 cloak (worn)
 t - a scarf of repulsion
 B - a +0 helmet
Jewellery
 p - a ring of resist corrosion (left hand)
Scrolls
 e - a scroll of magic mapping {!r, unknown}
 n - a scroll of teleportation {!r, unknown}
 q - 2 scrolls of enchant weapon {!r, unknown}
 x - a scroll of blinking {!r, unknown}
 A - a scroll of enchant armour {!r, unknown}
Potions
 d - a potion of might {!q}
 i - a potion of curing {!q, unknown}
 j - a potion of invisibility {!q, unknown}
 l - a potion of lignification {!q, unknown}
 s - a potion of stabbing {!q, unknown}
 u - a potion of haste {!q, unknown}
 v - a potion of brilliance {!q, unknown}
 z - a potion of berserk rage {!q, unknown}
Comestibles
 f - 5 rations
 w - 4 chunks of flesh


   Skills:
 - Level 2.4(2.0) Fighting
 + Level 3.2(2.9) Short Blades
 * Level 1.9(1.5) Slings
 - Level 2.4(2.0) Armour
 - Level 2.4(2.0) Shields


You had 2 spell levels left.
You didn't know any spells.
Your spell library contained the following spells:

 Spells                   Type           Power        Failure   Level  Hunger
 Magic Dart               Conj           #...         100%        1    ##.....
 Blink                    Tloc           N/A          100%        2    ###....
 Call Imp                 Summ           #.......     100%        2    ###....
 Slow                     Hex            #.......     100%        2    ###....
 Conjure Flame            Conj/Fire      #.......     100%        3    ####...
 Mephitic Cloud           Conj/Pois/Air  #.......     100%        3    ####...


Dungeon Overview and Level Annotations

Branches:
Dungeon (3/15)

Altars:
Kikubaaqudgha
Nemelex Xobeh

Annotations:
D:3 Grinder


Message History

You shoot a stone. The stone hits the hobgoblin.
You kill the hobgoblin!
k - 36 stones (gained 1)
Things that are here:
a +0 club; a hobgoblin corpse You butcher the hobgoblin corpse.
w - 5 chunks of flesh (gained 4)
Things that are here:
a +0 club; a hobgoblin skeleton You hear the slow rusting of a very distant drain.
k - 37 stones (gained 1)
Found 8 sling bullets.
A rat comes into view.
You see here 8 sling bullets.
o - 73 sling bullets (gained 8)
Found a stone staircase leading down.
Found a helmet.
Found a ration.
You are feeling hungry.
Found 17 gold pieces.
You see here a helmet.
There are no items here.
You hear the slow rusting of a distant drain.
You see here a helmet.
B - a helmet You block the rat's attack.
Eat one of 5 chunks of flesh? (ye/n/q)
You eat one of the 5 chunks of flesh.
This raw flesh tastes terrible.
The rat barely misses you.
Found a scroll labeled ULEMNU PYVVETO.
You see here a ration.
f - 5 rations (gained 1)
You block the rat's attack.
You see here a scroll labeled ULEMNU PYVVETO {!r}.
q - 2 scrolls labeled ULEMNU PYVVETO {!r} (gained 1)
The rat bites you but does no damage.
Grinder comes into view.
Grinder shouts!
Grinder blinks!
Grinder moves out of view.
Grinder blinks!
Grinder gestures at you. You resist with significant effort.
Really attack while wielding your +0 hunting sling?
Okay, then.
Grinder says, "I used to sell toenails on the black market."
Grinder gestures at you.
You barely resist. Grinder hits you.
You writhe in agony.
Unknown command.
Grinder gestures at you. Pain shoots through your body!
Ouch! That really hurt!
* * * LOW HITPOINT WARNING * * *
There is a stone staircase leading down here.
Unknown command.
Grinder blinks!
Really attack while wielding your +0 hunting sling?
Okay, then.
The rat bites you but does no damage. The rat bites you but does no damage.
Grinder blinks!
The rat bites you but does no damage. Grinder gestures at you.
Pain shoots through your body!
You die...

#.# #.. ### #.# #..##.. #.#
###..##.# #.# ....##.## #.#
#......# #.. ###..##..###
##. .....ยง.....#
########.# #. ........$#.#
##.@.5....# #.
###..###.#.###.#r####### #.
###..###.#.##.###.## # #.
.............## ##.######.#
#.
########....>5###.........#
#. ###.###.#.#####.#### #.
#.# ##.## #.#########.
#.####.# #...........
#......# ############


You could see Grinder and a rat.

Vanquished Creatures
  2 adders (D:2)
  2 worms (D:2)
  A leopard gecko (D:1)
  A ball python (D:1)
  3 bats
  A giant cockroach (D:2)
  6 goblins
  5 hobgoblins
  2 frilled lizards (D:1)
  8 kobolds
  3 rats (D:1)
34 creatures vanquished.

Notes
Turn   | Place    | Note
-------+----------+-------------------------------------------
     0 | D:1      | Amnesiac the Deep Elf Fighter began the quest for the Orb.
     0 | D:1      | Reached XP level 1. HP: 13/13 MP: 3/3
   116 | D:1      | Reached XP level 2. HP: 17/18 MP: 4/4
   616 | D:2      | Reached skill level 1 in Slings
   734 | D:2      | Reached skill level 3 in Short Blades
   842 | D:2      | Reached XP level 3. HP: 9/22 MP: 5/5
  1411 | D:2      | Found an ancient bone altar of Kikubaaqudgha.
  1421 | D:2      | Found a sparkling altar of Nemelex Xobeh.
  2018 | D:3      | Noticed Grinder
  2052 | D:3      | Killed from afar by Grinder

Illustrated notes

Levels and vault maps discovered:
D:1:      scummos_arrival_checkerplants, layout_basic, minmay_pentomino_r2
D:2:      layout_loops_cross, amethyst_overflow_temple_binary, dk_noncrumbling_2
D:3:      layout_loops_ring, cheibrodos_sewer_entry_drain, uniq_jessica,
          uniq_robin, uniq_terence, uniq_grinder

Skill      XL: |  1  2 |
---------------+-------+-----
Slings         | 1 |  1.9
Short Blades   | 3 |  3.2
Fighting       | |  2.4
Armour         | |  2.4
Shields        | |  2.4

Action                   || total
-------------------------++-------
Melee: Rapier            ||    30
       Dagger            ||   121
       Whip              ||     8
 Fire: Hunting sling     ||     2
Throw: Stone             ||    41
  Eat: Chunk             ||     4
Armor: Scale mail        ||    17
       Chain mail        ||    18
Dodge: Dodged            ||    19
Block: Kite shield       ||    56

Table legend:
 A = Non-vault XP
 B = Vault XP
 C = Vault XP percentage of total XP
 D = Non-vault monster count
 E = Vault monster count
 F = Vault count percentage of total count
                 A         B        C        D         E       F
            +---------+---------+-------+---------+---------+-------
      Total |      84 |       3 |   3.4 |      32 |       2 |   5.9
            +---------+---------+-------+---------+---------+-------
        D:1 |      24 |       3 |  11.1 |      15 |       2 |  11.8
        D:2 |      57 |       0 |   0.0 |      15 |       0 |   0.0
        D:3 |       3 |       0 |   0.0 |       2 |       0 |   0.0
            +---------+---------+-------+---------+---------+-------
